 Dungeon Crawl Stone Soup version 0.17.1-3-g152610e (webtiles) character file.

1513469 TimTheEnchanter the Heavyweight Champion (level 27, 248/274 HPs)
             Began as a Troll Berserker on Mar 9, 2016.
             Was a High Priest of Trog.
             Escaped with the Orb
             ... and 3 runes on Apr 2, 2016!
             The game lasted 16:02:17 (94126 turns).

TimTheEnchanter the Heavyweight Champion (TrBe)    Turns: 94126, Time: 16:02:17

Health: 248/274    AC: 30    Str: 33    XL:     27
Magic:  45/49      EV: 13    Int: 10    God:    Trog [*****.]
Gold:   1945       SH: 26    Dex: 17    Spells: 0 memorised, 26 levels left

rFire  + + .     SeeInvis .       - Unarmed
rCold  + + .     Clarity  .     P - +3 gold dragon armour
rNeg   + + .     SustAt   .     E - +3 large shield
rPois  +         Gourm    +     (helmet restricted)
rElec  +         Spirit   +     Q - +0 cloak of an ossuary {rPois MR++ Int+4}
rCorr  .         Warding  .     (gloves unavailable)
rMut   .         Stasis   .     (boots unavailable)
MR     ++++.                    V - amulet of guardian spirit
Stlth  ..........               h - ring "Totyotar" {rElec rPois MP+9 Int+2}
                                K - ring "Vizul" {*Drain rF+ rC+ rN++ MP+9}

@: incredibly resistant to hostile enchantments, extremely unstealthy
A: unfitting armour, claws 3, icy blue scales 1, fast metabolism 3, gourmand,
regeneration 2, screaming 1, shaggy fur 1, tough skin 2, MP-powered wands
a: Berserk, Trog's Hand, Brothers in Arms, Burn Spellbooks, Renounce Religion
0: Orb of Zot
}: 3/15 runes: serpentine, barnacled, silver


You escaped.
You worshipped Trog.
Trog was extremely pleased with you.
You were not hungry.

You visited 9 branches of the dungeon, and saw 53 of its levels.
You visited the Abyss 1 time.
You visited 2 bazaars.
You also visited: Labyrinth, Sewer and Ossuary.

You collected 7526 gold pieces.
You spent 5581 gold pieces at shops.

Inventory:

Missiles
 B - 62 large rocks (quivered)
 F - 10 throwing nets
Armour
 E - a +3 large shield (worn)
 P - a +3 gold dragon armour (worn)
 Q - the +0 cloak of an ossuary (worn) {rPois MR++ Int+4}
   (You bought it in a shop on level 5 of the Dungeon)

   It affects your intelligence (+4).
   It protects you from poison.
   It affects your resistance to hostile enchantments.
Jewellery
 b - an uncursed ring of see invisible
 h - the ring "Totyotar" (right claw) {rElec rPois MP+9 Int+2}
   (You bought it in a shop on level 2 of the Snake Pit)

   [ring of magical power]

   It affects your intelligence (+2).
   It insulates you from electricity.
   It protects you from poison.
   It affects your magic capacity (+9).
 n - an uncursed amulet of resist mutation
 t - the ring of Soedd {rC+ MR+ MP+9 Stlth-}
   (You acquired it on level 11 of the Dungeon)

   [ring of magical power]

   It protects you from cold.
   It affects your resistance to hostile enchantments.
   It affects your magic capacity (+9).
   It makes you less stealthy.
 A - an uncursed amulet of stasis
 H - an uncursed amulet of clarity
 K - the ring "Vizul" (left claw) {*Drain rF+ rC+ rN++ MP+9}
   (You found it on level 2 of the Elven Halls)

   [ring of protection from cold]

   It protects you from fire.
   It protects you from cold.
   It greatly protects you from negative energy.
   It affects your magic capacity (+9).
   It causes draining when unequipped.
 V - an amulet of guardian spirit (around neck)
Wands
 f - a wand of digging (10)
 i - a wand of disintegration (10)
 o - a wand of fireball (9)
 s - a wand of slowing (43)
 v - a wand of digging (5)
 w - a wand of digging (14)
 I - a wand of lightning (10)
 L - a wand of heal wounds (9)
 N - a wand of polymorph (5)
 T - a wand of draining (8)
 U - a wand of teleportation (8)
 Y - a wand of fire (8)
Scrolls
 c - 13 scrolls of immolation
 d - 14 scrolls of identify
 e - 3 scrolls of holy word
 m - 24 scrolls of teleportation
 x - 9 scrolls of recharging
 J - 23 scrolls of remove curse
 M - 6 scrolls of blinking
 O - 6 scrolls of magic mapping
 R - 13 scrolls of fog
 W - 6 scrolls of fear
 X - 2 scrolls of summoning
Potions
 a - 2 potions of flight
 g - 5 potions of invisibility
 k - a potion of magic
 l - 2 potions of cancellation
 r - 8 potions of might
 u - 3 potions of resistance
 y - 3 potions of cure mutation
 z - 20 potions of curing
 D - 8 potions of heal wounds
 G - 4 potions of agility
 S - a potion of haste
Miscellaneous
 Z - a phial of floods
Comestibles
 j - 32 meat rations
 p - 18 beef jerkies
 q - 25 bread rations
 C - 85 fruits


   Skills:
 * Level 16.2 Fighting
 + Level 15.5 Throwing
 + Level 18.4 Armour
 + Level 13.8 Dodging
 - Level 1.1 Stealth
 - Level 15.0 Shields
 O Level 27 Unarmed Combat
 - Level 12.0 Evocations


You had 26 spell levels left.
You didn't know any spells.

Dungeon Overview and Level Annotations

Branches:
Dungeon (15/15)            Temple (0/1) D:6            Lair (8/8) D:9
 Shoals (4/4) Lair:5        Snake (4/4) Lair:4        Slime (0/6) Lair:6
    Orc (4/4) D:11            Elf (3/3) Orc:3        Vaults (5/5) D:14
  Crypt (0/3) Vaults:3     Depths (5/5) D:15            Zot (5/5) Depths:5

Altars:
Ashenzari
Cheibriados
Dithmenos
Fedhas
Gozag
Kikubaaqudgha
Makhleb
Okawaru
Qazlal
Ru
Trog
Xom
Yredelemnul
Zin
The Shining One
Jiyva

Shops:
D:5 *   D:10 *   Orc:4 [}*!:(?   Elf:3 !   Snake:1 (   Snake:2 =   Snake:3 [
Vaults:3 ?

Portals:
Hell: Depths:1 Depths:2 Depths:3 Depths:4 Depths:5
Abyss: Depths:1 Depths:4
Pandemonium: Depths:2 Depths:3
Ziggurat: Depths:1
Trove: Depths:3 (give 2 scrolls of acquirement)

Annotations:
Lair:6 exclusion: 3 oklob plants
Elf:3 Roxanne


Innate Abilities, Weirdness & Mutations

You are too large for most types of armour.
You have claws for hands.
Your metabolism is lightning-fast.
You like to eat raw meat.
You heal very quickly.
You are covered in fur (AC +1).
You have very tough skin (AC +2).
You are partially covered in icy blue scales (AC +1).
You occasionally shout uncontrollably at your foes.
You expend magic power (3 MP) to strengthen your wands.


Message History

The hellephant breathes flames at you. The blast of flame hits you! You resist.
The hellephant tramples you but does no damage.
The hellephant barely misses you. You block the hellephant's attack.
The smoke demon gestures at you. You block the sticky flame.
You block the hellephant's attack. The hellephant bites you!
The hellephant gores you but does no damage.
There is a fountain of clear blue water here.
The hellephant is engulfed in a cloud of scalding steam.
There is a fountain of clear blue water here.
There is a fountain of clear blue water here.
The hellephant blinks!
The hellephant blinks!
The hellephant blinks!
The smoke demon gestures at you. Something smites you!
An Orb Guardian comes into view.
There is a staircase leading out of the dungeon here.
You have escaped!

....#.####.# #.###.###### #.####
...........####.###......###.##.#
................................#
.###..####.####.########.######.#
.###.## #.# #.###############.#
.....# #.# #.##...........##.#
##.### ###.####.##.⌠X⌠.⌠.⌠.⌠.##.#
#.# #.......##...Y.........#.#
##.#####.#.....#@.≈≈≈≈≈≈≈≈≈≈≈.∩..
............#####...3.........#.#
#####...........##.⌠.⌠.⌠.⌠.⌠.##.3
#####..>....######...........##..
................###############..
#####.......###..................
#####.......# #.#####..#.######..
............###.#####..#.# ###..
#####.##...............#.# #...#


You could see a hellephant, an Orb Guardian and a smoke demon.

Vanquished Creatures
  Tiamat (Zot:2)
  6 orbs of fire
  Mara (Depths:2)
  4 ancient liches
  2 juggernauts (Depths:2)
  Sojobo (Depths:4)
  Boris (Vaults:4)
  Frederick (Depths:4)
  Norris (Depths:1)
  Saint Roka (Vaults:2)
  Vashnia (Snake:3)
  4 Killer Klowns
  3 curse toes
  5 caustic shrikes (Depths:3)
  Nikola (Snake:3)
  12 golden dragons
  2 bone dragons (Depths:5)
  5 electric golems
  Jorgrun (Vaults:2)
  19 tentacled monstrosities
  25 Orb Guardians
  A deep elf blademaster (Elf:3)
  A lich (Depths:4)
  A pandemonium lord (Depths:1)
  6 titans
  2 deep elf master archers (Elf:3)
  2 quicksilver dragons
  14 death cobs
  3 sphinxes
  21 storm dragons
  8 tengu reavers
  Kirke (D:14)
  12 shadow dragons
  7 draconian monks
  Ilsuiw (Shoals:4)
  Wiglaf (Depths:1)
  3 greater nagas (Snake:4)
  12 fire giants
  8 deep elf sorcerers
  Donald (Orc:4)
  Maud (Lair:6)
  5 iron dragons
  3 draconian knights
  2 draconian scorchers (Zot:4)
  10 frost giants
  Aizul (Elf:3)
  11 vault wardens
  A balrug (Depths:3)
  2 orc warlords
  3 draconian shifters
  4 draconian zealots
  3 ghost moths
  A spriggan defender (Depths:1)
  5 draconian annihilators
  11 ironheart preservers
  6 draconian callers
  17 stone giants
  9 very ugly things
  9 deep elf demonologists
  13 green draconians
  7 black draconians
  4 salamander stormcallers
  10 purple draconians
  Azrael (D:14)
  2 lorocyprocas (Depths:2)
  15 mottled draconians
  10 white draconians
  6 yellow draconians
  12 deep elf annihilators
  A dire elephant (D:15)
  9 red draconians
  12 ettins
  30 vault guards
  7 merfolk javelineers
  3 deep elf death magi (Elf:3)
  24 fire dragons
  8 ogre magi
  A merfolk impaler (Shoals:1)
  Josephine (Lair:4)
  6 great orbs of eyes
  A crystal guardian (Vaults:5)
  2 deep elf high priests
  A hydra (shapeshifter) (Depths:2)
  2 large abominations
  8 rakshasas
  An ice dragon (shapeshifter) (Depths:2)
  8 entropy weavers
  5 jiangshi (Depths:5)
  17 yaktaur captains
  16 naga warriors
  A catoblepas (Lair:2)
  4 hydras
  18 ice dragons
  6 anacondas
  2 merfolk avatars
  2 spriggan air magi
  3 satyrs (Shoals:4)
  2 alligator snapping turtles
  6 orc high priests
  2 vampire magi (Depths:5)
  6 tengu warriors
  18 death yaks
  14 deep troll shamans
  A merfolk aquamancer (Shoals:3)
  3 centaur warriors
  16 naga sharpshooters
  19 dancing weapons
  Urug (D:15)
  11 deep troll earth magi
  2 fire crabs
  4 sun demons
  A shock serpent (Snake:3)
  25 deep elf knights
  8 spriggan berserkers
  6 skeletal warriors
  10 iron trolls
  A fire crab (shapeshifter) (Depths:3)
  16 hell knights
  The ghost of jesusflecha the Destroyer, a novice DECj of Vehumet (D:9)
  4 giant orange brains
  15 deep trolls
  2 hill giants (shapeshifter) (Depths:2)
  9 sea snakes
  2 unseen horrors (shapeshifter) (Vaults:5)
  2 salamander mystics
  A shadow wraith (Vaults:2)
  6 unseen horrors
  2 flayed ghosts (Depths:4)
  3 hill giants
  An orange crystal statue (Depths:1)
  45 ugly things
  3 deep elf summoners
  5 necromancers
  4 phantasmal warriors (Vaults:5)
  5 naga ritualists
  4 wolf spiders
  3 wizards
  3 mana vipers
  2 lindwurms (Lair:8)
  10 cyclopes
  12 ironbrand convokers
  24 fauns
  10 deep elf conjurers
  19 harpies
  A sixfirhy (Zot:5)
  12 manticores
  2 mana vipers (shapeshifter)
  A wolf spider zombie (D:15)
  5 orc sorcerers
  25 moths of wrath
  22 orc knights
  A hornet (shapeshifter) (D:15)
  28 black mambas
  9 griffons
  9 elephants
  9 sirens
  28 naga magi
  2 water nymphs
  A rust devil (D:7)
  Maurice (D:9)
  A hornet (Vaults:4)
  13 vault sentinels
  A guardian serpent (shapeshifter) (Depths:2)
  2 guardian serpents
  10 salamanders
  Psyche (D:9)
  2 gargoyles
  2 kobold demonologists
  7 komodo dragons
  19 spiny frogs
  18 deep elf priests
  2 efreet
  6 tengu conjurers
  2 hellwings (D:1)
  2 fire drakes
  52 yaktaurs
  3 freezing wraiths
  A blue devil (D:1)
  A polar bear (Lair:3)
  A merfolk (shapeshifter) (Vaults:5)
  A raiju (shapeshifter) (Depths:3)
  10 trolls
  A slime creature (shapeshifter) (Depths:2)
  5 giant leeches (Lair:8)
  A harpy skeleton (D:14)
  27 merfolk
  3 trapdoor spider zombies
  3 wind drakes
  18 two-headed ogres
  A two-headed ogre (shapeshifter) (Vaults:3)
  18 blink frogs
  7 boulder beetles
  40 slime creatures
  A fire giant simulacrum (Vaults:2)
  6 snapping turtles
  A boulder beetle (shapeshifter) (Vaults:5)
  A shadow (D:14)
  A tarantella (Depths:4)
  5 wyverns
  23 redbacks
  Sigmund (D:4)
  A redback (shapeshifter) (Depths:3)
  21 deep elf magi
  3 air elementals
  4 spriggans
  A ynoxinul (Depths:1)
  35 deep elf fighters
  16 hippogriffs
  7 wraiths
  27 fire elementals
  6 water elementals
  Eustachio (D:4)
  A hungry ghost (D:13)
  2 steam dragons
  6 basilisks
  Grum (D:8)
  The ghost of Gargoyl the Skirmisher, an amateur DsAK of Lugonu (D:3)
  A spriggan (shapeshifter) (Depths:3)
  A hog (D:14)
  7 vampire mosquitoes
  2 hippogriffs (shapeshifter)
  A yak (shapeshifter) (Depths:4)
  38 yaks
  A vampire (D:14)
  29 wolves
  7 wargs
  Menkaure (D:4)
  A mottled dragon (D:13)
  A soldier ant (D:11)
  12 porcupines
  A harpy simulacrum (Depths:2)
  3 hell hounds (D:14)
  43 nagas
  An eye of draining (shapeshifter) (Depths:1)
  24 water moccasins
  3 sky beasts
  A black bear (shapeshifter) (Vaults:3)
  4 wasps
  3 phantoms
  2 swamp drakes
  6 ice beasts
  68 orc warriors
  2 tengu (shapeshifter)
  A black bear (Lair:3)
  An eye of draining (D:14)
  3 boggarts (Vaults:3)
  A fire dragon simulacrum (Depths:2)
  16 centaurs
  14 crocodiles
  43 ogres
  An elf zombie (Ossuary)
  6 big kobolds
  38 giant frogs
  A water moccasin skeleton (D:7)
  5 scorpions
  5 electric eels
  A vampire bat (Orc:2)
  4 wights (D:9)
  20 killer bees
  2 quasits
  6 centaur zombies
  5 crimson imps
  3 giant frog zombies
  4 hounds
  7 jellies
  4 giant frog skeletons
  9 iguanas
  46 orc priests
  46 orc wizards
  3 centaur skeletons
  A human zombie (Ossuary)
  Natasha (thrice) (D:4 D:5)
  A small abomination (D:4)
  16 worker ants
  37 sheep
  2 hound skeletons
  2 mummies (Ossuary)
  3 worker ant zombies
  4 gnolls
  21 adders
  69 river rats
  5 shadow imps
  2 oozes
  2 adder zombies (D:6)
  3 worms
  14 giant geckos
  A giant gecko (shapeshifter) (Vaults:5)
  255 orcs
  5 ball pythons
  3 goblins
  6 hobgoblins
  14 kobolds
  3 quokkas
  22 bats
  9 giant cockroaches
  A giant gecko skeleton (D:7)
  A giant gecko zombie (D:7)
  11 giant newts
  2 goblin zombies (Ossuary)
  9 hobgoblin zombies (Ossuary)
  22 jackals
  A jackal skeleton (D:9)
  4 jackal zombies (Ossuary)
  9 kobold zombies (Ossuary)
  8 orc zombies (Ossuary)
  A quokka skeleton (D:4)
  3 quokka zombies (D:6)
  18 rats
  2 rat zombies (Ossuary)
  A butterfly (Lair:2)
  A fire vortex (Vaults:3)
  7 fungi
  6 plants
2731 creatures vanquished.

Vanquished Creatures (collateral kills)
  An ancient lich (Depths:2)
  A juggernaut (Depths:3)
  A caustic shrike (shapeshifter) (Depths:2)
  Rupert (D:15)
  2 titans
  A death cob (Zot:3)
  2 vault wardens
  A frost giant (Depths:3)
  A greater naga (Snake:4)
  An iron dragon (Vaults:5)
  A deep elf sorcerer (Elf:3)
  An ironheart preserver (Vaults:3)
  2 very ugly things (Depths:4)
  2 deep elf demonologists (Elf:3)
  A merfolk javelineer (Shoals:4)
  A minotaur (Lab)
  3 deep elf high priests
  A vault guard (D:13)
  A rakshasa (Depths:4)
  A hydra (D:9)
  4 merfolk impalers
  2 yaktaur captains
  An ogre mage (Vaults:1)
  A merfolk avatar (Shoals:1)
  A merfolk aquamancer (Shoals:1)
  2 orc high priests
  A deep troll earth mage (Depths:1)
  6 naga sharpshooters
  A hill giant (D:10)
  A phantasmal warrior (Vaults:5)
  A harpy (Shoals:4)
  An ironbrand convoker (Vaults:3)
  7 orc knights
  2 ugly things (Depths:4)
  An orc sorcerer (Vaults:1)
  A faun (Shoals:4)
  A manticore (Shoals:1)
  A salamander (shapeshifter) (Depths:4)
  2 black mambas (Snake:3)
  2 naga magi (Snake:4)
  An elephant (Lair:7)
  3 yaktaurs
  A troll (Vaults:3)
  3 deep elf priests
  8 merfolk
  A giant leech (Lair:8)
  A wind drake (Shoals:3)
  2 two-headed ogres
  2 snapping turtles
  3 water elementals (Shoals:1)
  4 deep elf fighters (Vaults:3)
  A naga (Snake:4)
  17 orc warriors
  2 ice beasts (D:10)
  A centaur (shapeshifter) (Depths:2)
  2 ogres
  A crocodile (Lair:8)
  3 electric eels (Lair:8)
  A hound (D:10)
  5 orc priests
  3 sheep (Shoals:3)
  3 river rats (Lair:7)
  11 orcs
144 creatures vanquished.

Vanquished Creatures (others)
  A lorocyproca (Depths:2)
  A merfolk avatar (Shoals:4)
  2 merfolk aquamancers (Shoals:4)
  A sea snake (Shoals:4)
  2 fauns (Shoals:4)
  A guardian serpent (Snake:1)
  A siren (Shoals:4)
  2 merfolk (Shoals:4)
  An orc warrior (Vaults:2)
  A naga (Snake:1)
  A centaur (Shoals:4)
  An orc priest (D:14)
  An orc wizard (D:14)
  2 sheep (Shoals:4)
  2 orcs
  A bush (Lair:3)
  2 fire vortices
  28 fungi
  28 plants
79 creatures vanquished.

Grand Total: 2954 creatures vanquished

Notes
Turn   | Place    | Note
--------------------------------------------------------------
     0 | D:1      | TimTheEnchanter the Troll Berserker began the quest for the Orb.
     0 | D:1      | Reached XP level 1. HP: 22/22 MP: 0/0
   632 | D:2      | Reached XP level 2. HP: 29/29 MP: 1/1
   717 | D:2      | Reached skill level 4 in Unarmed Combat
   841 | D:2      | Reached ** piety under Trog
   947 | D:2      | Reached XP level 3. HP: 33/36 MP: 2/2
   997 | D:2      | Found a snail-covered altar of Cheibriados.
  1341 | D:2      | Found a glowing silver altar of Zin.
  1418 | D:2      | Reached XP level 4. HP: 19/44 MP: 3/3
  1432 | D:2      | HP: 2/44 [poisoned by an adder]
  1438 | D:2      | HP: 2/44 [poisoned by an adder]
  1442 | D:2      | Found a bloodstained altar of Trog.
  1443 | D:2      | HP: 1/44 [poisoned by an adder]
  1449 | D:2      | HP: 2/44 [poisoned by an adder]
  1456 | D:2      | HP: 1/44 [adder (1)]
  1457 | D:2      | Reached skill level 5 in Unarmed Combat
  1461 | D:2      | HP: 2/44 [poisoned by an adder]
  1963 | D:3      | Found a faded altar to an unknown god.
  1975 | D:3      | Noticed Gargoyl's ghost (amateur DsAK)
  1988 | D:3      | Killed Gargoyl's ghost
  1988 | D:3      | Reached skill level 1 in Stealth
  1988 | D:3      | Reached skill level 6 in Unarmed Combat
  1988 | D:3      | Reached XP level 5. HP: 48/50 MP: 4/4
  1988 | D:3      | Reached XP level 6. HP: 56/59 MP: 5/5
  2327 | D:3      | Reached *** piety under Trog
  2803 | D:4      | Noticed Menkaure
  2807 | D:4      | Killed Menkaure
  2920 | D:4      | Reached XP level 7. HP: 64/67 MP: 6/6
  2956 | D:4      | Noticed Eustachio
  2966 | D:4      | Killed Eustachio
  2966 | D:4      | Reached skill level 7 in Unarmed Combat
  3019 | D:4      | Noticed Sigmund
  3027 | D:4      | Gained mutation: You expend magic power (3 MP) to strengthen your wands. [potion of mutation]
  3027 | D:4      | Gained mutation: You are partially covered in icy blue scales (AC +1). [potion of mutation]
  3077 | D:4      | Killed Sigmund
  3116 | D:4      | Found a glowing drain.
  3151 | Sewer    | Entered a sewer
  3325 | Sewer    | Reached **** piety under Trog
  3816 | D:4      | Noticed Natasha
  3822 | D:4      | Killed Natasha
  3860 | D:4      | Reached XP level 8. HP: 44/78 MP: 7/7
  4005 | D:4      | Found a glowing golden altar of the Shining One.
  4188 | D:5      | Entered Level 5 of the Dungeon
  4195 | D:5      | Reached skill level 8 in Unarmed Combat
  4465 | D:5      | Noticed Natasha
  4472 | D:5      | Killed Natasha
  4500 | D:5      | Found a shattered altar of Ashenzari.
  4513 | D:5      | Found a sand-covered staircase.
  4568 | Ossuary  | Entered an ossuary
  4822 | Ossuary  | Reached skill level 9 in Unarmed Combat
  4978 | D:5      | Noticed Natasha
  5005 | D:5      | Found Duwiwiho's General Store.
  5013 | D:5      | Bought a potion of degeneration for 13 gold pieces
  5013 | D:5      | Bought a scroll of remove curse for 39 gold pieces
  5013 | D:5      | Bought a potion of curing for 39 gold pieces
  5013 | D:5      | Bought a scroll of teleportation for 39 gold pieces
  5125 | D:5      | Reached ***** piety under Trog
  5456 | D:5      | Killed Natasha
  5496 | D:5      | Reached skill level 10 in Unarmed Combat
  5698 | D:6      | Reached XP level 9. HP: 71/84 MP: 8/8
  5981 | D:6      | Received a gift from Trog
  6148 | D:6      | Found a staircase to the Ecumenical Temple.
  6560 | D:7      | Reached skill level 11 in Unarmed Combat
  7408 | D:8      | Reached skill level 12 in Unarmed Combat
  7580 | D:8      | Reached skill level 1 in Armour
  7694 | D:8      | Found an opulent altar of Gozag.
  7695 | D:8      | Found a burning altar of Makhleb.
  7706 | D:8      | Found a bloodstained altar of Trog.
  8127 | D:8      | Reached XP level 10. HP: 81/92 MP: 9/9
  8326 | D:9      | Noticed jesusflecha's ghost (novice DECj)
  8336 | D:9      | Killed jesusflecha's ghost
  8336 | D:9      | Reached skill level 13 in Unarmed Combat
  8697 | D:9      | Found a staircase to the Lair.
  8748 | D:9      | Found a shimmering altar of Xom.
  8748 | D:9      | Noticed Psyche
  8754 | D:9      | Killed Psyche
  8754 | D:9      | Reached skill level 1 in Throwing
  8821 | D:9      | Found an ancient bone altar of Kikubaaqudgha.
  8873 | D:9      | Noticed Maurice
  8897 | D:9      | Killed Maurice
  8897 | D:9      | Received a gift from Trog
  8977 | D:9      | Found a blossoming altar of Fedhas.
  9061 | D:9      | Found a blossoming altar of Fedhas.
  9061 | D:9      | Found a stormy altar of Qazlal.
  9061 | D:9      | Found a sacrificial altar of Ru.
  9083 | D:9      | Found a basalt altar of Yredelemnul.
  9461 | D:9      | Noticed Grum
  9600 | D:8      | Killed Grum
  9609 | D:9      | Reached skill level 14 in Unarmed Combat
  9746 | D:10     | Entered Level 10 of the Dungeon
  9825 | Lair:1   | Entered Level 1 of the Lair of Beasts
  9953 | Lair:1   | Reached skill level 1 in Evocations
 10175 | Lair:1   | Noticed a seven-headed hydra
 10205 | D:9      | Killed an eight-headed hydra
 10205 | D:9      | Reached XP level 11. HP: 8/100 MP: 9/11
 10782 | Lair:1   | You fall through a shaft!
 10789 | Lair:2   | Got a steaming brass ring
 10801 | Lair:2   | Identified the ring of Peadot {Ice *Drain +Fly rPois MP+9} (You found it on level 2 of the Lair of Beasts)
 11131 | Lair:1   | Reached skill level 15 in Unarmed Combat
 11237 | Lair:2   | Noticed a catoblepas
 11637 | Lair:2   | Received a gift from Trog
 11788 | Lair:2   | Killed a catoblepas
 12504 | D:10     | Killed an unseen horror
 12742 | D:10     | Found Illug's General Store.
 12767 | D:10     | Bought a scroll of fear for 42 gold pieces
 12767 | D:10     | Bought a potion of poison for 12 gold pieces
 12767 | D:10     | Bought a potion of lignification for 36 gold pieces
 12775 | D:10     | Noticed a hill giant
 12785 | D:10     | Killed a hill giant
 12800 | D:10     | Reached skill level 1 in Shields
 13212 | D:10     | Noticed a hill giant
 13217 | D:10     | Killed a hill giant
 13217 | D:10     | Reached skill level 16 in Unarmed Combat
 13762 | D:11     | Noticed a seven-headed hydra
 13900 | Lair:3   | Reached XP level 12. HP: 78/107 MP: 14/14
 13953 | Lair:3   | Found a labyrinth entrance.
 13962 | Lab      | Entered a labyrinth
 14317 | Lab      | Noticed a minotaur
 14333 | Lab      | Killed a minotaur
 14382 | Lab      | Got a warped jade ring
 14420 | Lab      | Identified the ring of Fariet {rC+ MP+9 Str+3 Int+4 Stlth-} (You found it in a labyrinth)
 14671 | Lair:3   | Noticed a death yak
 14671 | Lair:3   | Noticed a death yak
 14671 | Lair:3   | Noticed a death yak
 14671 | Lair:3   | Noticed a death yak
 14672 | Lair:3   | Noticed a death yak
 15628 | Lair:2   | Received a gift from Trog
 16373 | Lair:3   | Killed a death yak
 16373 | Lair:3   | Reached skill level 5 in Evocations
 16377 | Lair:3   | Killed a death yak
 16384 | Lair:3   | Killed a death yak
 16387 | Lair:3   | HP: 2/160 [death yak (14)]
 16389 | Lair:3   | Killed a death yak
 16396 | Lair:3   | Killed a death yak
 16396 | Lair:3   | Reached skill level 17 in Unarmed Combat
 16748 | Lair:3   | Received a gift from Trog
 17153 | Lair:4   | Noticed Josephine
 17492 | Lair:3   | Reached XP level 13. HP: 92/114 MP: 16/16
 17614 | Lair:4   | Found a staircase to the Snake Pit.
 17695 | Lair:4   | Killed Josephine
 18202 | Lair:4   | Reached skill level 5 in Dodging
 18675 | Lair:5   | Received a gift from Trog
 18807 | Lair:5   | Reached skill level 5 in Shields
 19043 | Lair:5   | Found a staircase to the Shoals.
 19758 | Lair:6   | Found a staircase to the Slime Pits.
 19979 | Lair:6   | Reached skill level 18 in Unarmed Combat
 20042 | Lair:6   | You fall through a shaft for 2 floors!
 20042 | Lair:8   | Entered Level 8 of the Lair of Beasts
 20413 | Lair:6   | Noticed Maud
 20427 | Lair:6   | Killed Maud
 21143 | D:5      | Bought a wand of fire (6) for 260 gold pieces
 21143 | D:5      | Bought the cursed +0 cloak of an ossuary {rPois MR++ Int+4} for 383 gold pieces
 21694 | Lair:6   | Reached ****** piety under Trog
 22387 | Lair:7   | Received a gift from Trog
 22570 | Lair:7   | Reached XP level 14. HP: 113/123 MP: 17/17
 23284 | Lair:8   | Reached skill level 5 in Armour
 23316 | Lair:8   | Received a gift from Trog
 23371 | Lair:8   | Reached skill level 5 in Throwing
 24488 | Lair:8   | Received a gift from Trog
 24611 | Lair:8   | Reached skill level 19 in Unarmed Combat
 25341 | D:11     | Found a viscous altar of Jiyva.
 25478 | D:11     | Killed a seven-headed hydra
 26290 | D:11     | Received a gift from Trog
 26407 | D:11     | Found a staircase to the Orcish Mines.
 26806 | Orc:1    | Entered Level 1 of the Orcish Mines
 27739 | Orc:3    | Received a gift from Trog
 27987 | Orc:3    | Received a gift from Trog
 28112 | Orc:2    | Received a gift from Trog
 28224 | Orc:2    | Received a gift from Trog
 29247 | Orc:1    | Received a gift from Trog
 29494 | Orc:3    | Noticed an orc warlord
 29638 | Orc:2    | Reached XP level 15. HP: 130/130 MP: 18/18
 29943 | Orc:2    | Killed an orc warlord
 30064 | Orc:3    | Found a staircase to the Elven Halls.
 30197 | Orc:4    | Entered Level 4 of the Orcish Mines
 30207 | Orc:4    | Received a gift from Trog
 30235 | Orc:4    | Found Ufonocem's Antique Weapon Boutique.
 30321 | Orc:4    | Found Axijisch's Magic Scroll Shoppe.
 30330 | Orc:4    | Bought a scroll of identify for 32 gold pieces
 30330 | Orc:4    | Bought a scroll of identify for 32 gold pieces
 30330 | Orc:4    | Bought a scroll of fog for 32 gold pieces
 30330 | Orc:4    | Bought 2 scrolls of blinking for 240 gold pieces
 30330 | Orc:4    | Bought a scroll of recharging for 152 gold pieces
 30330 | Orc:4    | Bought a scroll of remove curse for 48 gold pieces
 30330 | Orc:4    | Bought a scroll of identify for 32 gold pieces
 30330 | Orc:4    | Bought a scroll of magic mapping for 56 gold pieces
 30448 | Orc:4    | Found Tecuel's General Store.
 30473 | Orc:4    | Bought a scroll of recharging for 142 gold pieces
 30473 | Orc:4    | Bought a potion of curing for 45 gold pieces
 30473 | Orc:4    | Bought a meat ration for 75 gold pieces
 30751 | Orc:4    | Noticed Donald
 30769 | Orc:4    | Killed Donald
 30946 | Orc:4    | Received a gift from Trog
 31600 | Orc:4    | Received a gift from Trog
 31809 | Orc:4    | Found Tan Guan's Distillery.
 31826 | Orc:4    | Found Hiolesud's Antique Armour Emporium.
 31829 | Orc:4    | Found Mourot's Gadget Shoppe.
 31831 | Orc:4    | Found Xibeg's Book Emporium.
 31837 | Orc:4    | Bought a potion of resistance for 160 gold pieces
 31837 | Orc:4    | Bought a potion of might for 64 gold pieces
 31837 | Orc:4    | Bought a potion of agility for 64 gold pieces
 31837 | Orc:4    | Bought a potion of curing for 48 gold pieces
 31837 | Orc:4    | Bought a potion of haste for 160 gold pieces
 31837 | Orc:4    | Bought 2 potions of agility for 128 gold pieces
 32445 | D:12     | Received a gift from Trog
 32696 | D:11     | Identified a scroll of acquirement
 32699 | D:11     | Got a scintillating granite ring
 32704 | D:11     | Identified the ring of Soedd {rC+ MR+ MP+9 Stlth-} (You acquired it on level 11 of the Dungeon)
 32757 | D:12     | Found an iron altar of Okawaru.
 33844 | D:14     | Found a gate to the Vaults.
 34061 | D:13     | Received a gift from Trog
 34061 | D:13     | Reached skill level 20 in Unarmed Combat
 34174 | D:14     | Noticed Azrael
 34198 | D:14     | Killed Azrael
 34584 | D:14     | Got a shimmering jade ring
 34915 | D:14     | Received a gift from Trog
 35009 | D:14     | Noticed Kirke
 35029 | D:14     | Killed Kirke
 35190 | D:14     | Received a gift from Trog
 35499 | D:15     | Entered Level 15 of the Dungeon
 35944 | D:15     | Reached XP level 16. HP: 135/137 MP: 19/19
 35954 | D:15     | Noticed Rupert
 35960 | D:15     | Killed Rupert
 35981 | D:14     | Identified the ring "Zudiwkob" {rPois Str+3 Int+6 Dex-3} (You took it off a tengu conjurer on level 14 of the Dungeon)
 36038 | D:15     | Noticed Urug
 36057 | D:15     | Killed Urug
 36633 | D:15     | Found a staircase to the Depths.
 37089 | Shoals:1 | Entered Level 1 of the Shoals
 37311 | Shoals:1 | Received a gift from Trog
 37778 | Shoals:1 | Received a gift from Trog
 37925 | Shoals:1 | Reached skill level 5 in Fighting
 38254 | Shoals:1 | Received a gift from Trog
 38808 | Shoals:2 | Received a gift from Trog
 39591 | Shoals:3 | Received a gift from Trog
 39805 | Shoals:3 | Found Huicw's Food Emporium.
 39813 | Shoals:3 | Bought a bread ration for 50 gold pieces
 39813 | Shoals:3 | Bought a bread ration for 50 gold pieces
 39813 | Shoals:3 | Bought a bread ration for 50 gold pieces
 39813 | Shoals:3 | Bought a meat ration for 50 gold pieces
 39813 | Shoals:3 | Bought a bread ration for 50 gold pieces
 39813 | Shoals:3 | Bought 4 fruits for 60 gold pieces
 39813 | Shoals:3 | Bought a meat ration for 50 gold pieces
 39813 | Shoals:3 | Bought a beef jerky for 15 gold pieces
 39813 | Shoals:3 | Bought a fruit for 15 gold pieces
 40144 | Shoals:3 | Received a gift from Trog
 40433 | Shoals:4 | Entered Level 4 of the Shoals
 40433 | Shoals:4 | Found a flickering gateway to a bazaar.
 40446 | Shoals:4 | Received a gift from Trog
 40567 | Shoals:4 | Reached skill level 21 in Unarmed Combat
 40615 | Shoals:4 | Received a gift from Trog
 40994 | Shoals:4 | Reached skill level 10 in Shields
 41231 | Bazaar   | Entered a bazaar
 41243 | Bazaar   | Found Ujum's Weapon Emporium.
 41243 | Bazaar   | Found Ucuoj's Magic Scroll Emporium.
 41277 | Bazaar   | Found Oruy's Book Shoppe.
 41277 | Bazaar   | Found Lurea's Book Shoppe.
 41320 | Bazaar   | Bought a scroll of recharging for 142 gold pieces
 41320 | Bazaar   | Bought a scroll of remove curse for 45 gold pieces
 41320 | Bazaar   | Bought a scroll of identify for 30 gold pieces
 41320 | Bazaar   | Bought a scroll of identify for 30 gold pieces
 41320 | Bazaar   | Bought a scroll of identify for 30 gold pieces
 41320 | Bazaar   | Bought a scroll of remove curse for 45 gold pieces
 41538 | Shoals:4 | Reached XP level 17. HP: 140/153 MP: 20/20
 41740 | Shoals:3 | Received a gift from Trog
 41968 | Shoals:4 | Received a gift from Trog
 41976 | Shoals:4 | Got a barnacled rune of Zot
 42338 | Shoals:4 | Noticed Ilsuiw
 42366 | Shoals:4 | Killed Ilsuiw
 43212 | Lair:5   | Received a gift from Trog
 43263 | Snake:1  | Entered Level 1 of the Snake Pit
 44098 | Snake:1  | Found Pashrusu's Weapon Shop.
 44618 | Snake:2  | Found Tejilloudo's Jewellery Emporium.
 44640 | Snake:2  | Bought an uncursed ring of see invisible for 225 gold pieces
 44776 | Snake:2  | Received a gift from Trog
 45652 | Snake:3  | Noticed Nikola
 46296 | Snake:3  | Found a shadowy altar of Dithmenos.
 46336 | Snake:3  | Received a gift from Trog
 46340 | Snake:3  | Killed Nikola
 46899 | Snake:3  | Noticed Vashnia
 46910 | Snake:3  | Received a gift from Trog
 46918 | Snake:3  | Killed Vashnia
 46918 | Snake:3  | Reached skill level 22 in Unarmed Combat
 46918 | Snake:3  | Reached XP level 18. HP: 73/167 MP: 21/21
 47487 | Snake:3  | Found Den Samn's Armour Shoppe.
 47567 | Snake:4  | Entered Level 4 of the Snake Pit
 48317 | Snake:4  | Received a gift from Trog
 48414 | Snake:4  | Received a gift from Trog
 48945 | Snake:4  | Received a gift from Trog
 48996 | Snake:4  | Got a serpentine rune of Zot
 49694 | Vaults:1 | Entered Level 1 of the Vaults
 49859 | Vaults:1 | Received a gift from Trog
 50551 | Vaults:1 | Received a gift from Trog
 52042 | Vaults:2 | Reached XP level 19. HP: 166/179 MP: 24/24
 52166 | Vaults:2 | Noticed Jorgrun
 52236 | Vaults:2 | Killed Jorgrun
 52512 | Vaults:2 | Received a gift from Trog
 52583 | Vaults:2 | Reached skill level 23 in Unarmed Combat
 52794 | Vaults:2 | Received a gift from Trog
 53108 | Vaults:2 | Cast into the Abyss (ironheart preserver)
 53173 | Vaults:2 | Escaped the Abyss
 53183 | Vaults:2 | Received a gift from Trog
 53698 | Vaults:2 | Noticed Saint Roka
 54116 | Vaults:2 | Killed Saint Roka
 54116 | Vaults:2 | Reached skill level 10 in Fighting
 54884 | Vaults:3 | Reached skill level 10 in Evocations
 54959 | Vaults:3 | Received a gift from Trog
 55138 | Vaults:3 | Received a gift from Trog
 55558 | Vaults:3 | Received a gift from Trog
 55763 | Vaults:3 | Received a gift from Trog
 56288 | Vaults:3 | Found a staircase to the Crypt.
 56288 | Vaults:3 | Found a basalt altar of Yredelemnul.
 56288 | Vaults:3 | Found an ancient bone altar of Kikubaaqudgha.
 56423 | Vaults:3 | Found Fixkuf's Magic Scroll Shop.
 56427 | Vaults:3 | Bought a scroll of remove curse for 33 gold pieces
 56427 | Vaults:3 | Bought a scroll of recharging for 104 gold pieces
 56427 | Vaults:3 | Bought a scroll of remove curse for 33 gold pieces
 56427 | Vaults:3 | Bought a scroll of identify for 22 gold pieces
 56427 | Vaults:3 | Bought a scroll of identify for 22 gold pieces
 56427 | Vaults:3 | Bought a scroll of remove curse for 33 gold pieces
 56427 | Vaults:3 | Bought a scroll of identify for 22 gold pieces
 56458 | Vaults:3 | Reached XP level 20. HP: 176/191 MP: 27/27
 56812 | Vaults:4 | Noticed Boris
 56835 | Vaults:4 | Killed Boris
 57407 | Vaults:4 | Received a gift from Trog
 57529 | Vaults:4 | Reached skill level 24 in Unarmed Combat
 58096 | Vaults:4 | Received a gift from Trog
 58423 | Depths:1 | Entered Level 1 of the Depths
 58864 | Depths:1 | Reached skill level 10 in Armour
 59431 | Depths:1 | Noticed Norris
 59458 | Depths:1 | Killed Norris
 59775 | Depths:1 | Found a gateway to a ziggurat.
 59788 | Depths:1 | Found a gateway to Hell.
 59798 | Depths:1 | Noticed Wiglaf
 59819 | Depths:1 | Killed Wiglaf
 60125 | Depths:1 | Found a one-way gate to the infinite horrors of the Abyss.
 60438 | Depths:2 | Received a gift from Trog
 60869 | Depths:2 | Noticed an ancient lich
 60875 | Depths:2 | Killed an ancient lich
 61501 | Depths:2 | Noticed a golden dragon
 61541 | Depths:2 | Killed a golden dragon
 61541 | Depths:2 | Reached XP level 21. HP: 186/198 MP: 29/29
 61604 | Depths:2 | Found a one-way gate leading to the halls of Pandemonium.
 61617 | Depths:2 | Noticed a caustic shrike
 61622 | Depths:2 | Killed a caustic shrike
 62221 | Depths:1 | Received a gift from Trog
 62322 | Depths:2 | Reached skill level 25 in Unarmed Combat
 62626 | Depths:3 | Found a portal to a secret trove of treasure.
 62951 | Depths:3 | Noticed Mara
 62973 | Depths:3 | Noticed TimTheEnchanter's illusion
 63386 | Elf:1    | Entered Level 1 of the Elven Halls
 63393 | Elf:1    | Found a flickering gateway to a bazaar.
 63408 | Bazaar   | Entered a bazaar
 63408 | Bazaar   | Found Jeyve's Food Shop.
 63408 | Bazaar   | Found Voos's Gadget Shoppe.
 63408 | Bazaar   | Found Uratwuic's Antique Weapon Shop.
 63410 | Bazaar   | Found Alokocij's Assorted Antiques.
 63410 | Bazaar   | Found Cocluu's Assorted Antiques.
 63451 | Bazaar   | Bought a potion of resistance for 250 gold pieces
 63451 | Bazaar   | Bought a scroll of fog for 50 gold pieces
 63451 | Bazaar   | Bought a potion of might for 100 gold pieces
 63451 | Bazaar   | Bought a potion of heal wounds for 125 gold pieces
 63456 | Bazaar   | Bought a scroll of teleportation for 69 gold pieces
 63456 | Bazaar   | Bought a scroll of identify for 46 gold pieces
 63456 | Bazaar   | Bought a potion of might for 92 gold pieces
 63456 | Bazaar   | Bought a scroll of identify for 46 gold pieces
 63467 | Bazaar   | Bought a bread ration for 40 gold pieces
 63467 | Bazaar   | Bought a meat ration for 40 gold pieces
 63467 | Bazaar   | Bought a meat ration for 40 gold pieces
 63467 | Bazaar   | Bought a meat ration for 40 gold pieces
 63467 | Bazaar   | Bought 2 fruits for 24 gold pieces
 63467 | Bazaar   | Bought 2 fruits for 24 gold pieces
 63467 | Bazaar   | Bought a bread ration for 40 gold pieces
 64264 | Elf:1    | Received a gift from Trog
 64863 | Elf:2    | Got a slimy amber ring
 64871 | Elf:2    | Identified the ring "Vizul" {*Drain rF+ rC+ rN++ MP+9} (You found it on level 2 of the Elven Halls)
 64981 | Elf:2    | Found a runed gate.
 64981 | Elf:2    | Found a runed gate.
 64982 | Elf:2    | Found a runed gate.
 65756 | Elf:2    | Received a gift from Trog
 65962 | Elf:3    | Entered Level 3 of the Elven Halls
 66075 | Elf:3    | Found Vibaleh's Distillery.
 66079 | Elf:3    | Bought a potion of might for 68 gold pieces
 66079 | Elf:3    | Bought a potion of heal wounds for 85 gold pieces
 66079 | Elf:3    | Bought a potion of might for 68 gold pieces
 66079 | Elf:3    | Bought a potion of curing for 51 gold pieces
 66079 | Elf:3    | Bought a potion of might for 68 gold pieces
 66573 | Elf:3    | Noticed Roxanne
 66802 | Elf:3    | Received a gift from Trog
 66866 | Elf:3    | Noticed Aizul
 66890 | Elf:3    | Killed Aizul
 67462 | Elf:3    | Reached XP level 22. HP: 206/206 MP: 30/30
 67736 | Elf:3    | Received a gift from Trog
 68804 | Depths:3 | Reached skill level 10 in Throwing
 69033 | Depths:3 | Received a gift from Trog
 69050 | Depths:3 | Reached skill level 26 in Unarmed Combat
 69087 | Depths:3 | Noticed a juggernaut
 69099 | Depths:3 | Killed a juggernaut
 69103 | Depths:3 | Noticed a juggernaut
 69199 | Depths:2 | Killed a juggernaut
 69539 | Depths:3 | Noticed a caustic shrike
 69539 | Depths:3 | Noticed a juggernaut
 69548 | Depths:3 | Killed a caustic shrike
 69638 | Depths:2 | Killed a juggernaut
 70207 | Depths:4 | Noticed Sojobo
 70371 | Depths:4 | Received a gift from Trog
 71566 | Depths:4 | Noticed Frederick
 71666 | Depths:3 | Received a gift from Trog
 71988 | Depths:4 | Reached XP level 23. HP: 161/214 MP: 31/31
 72019 | Depths:4 | Killed Frederick
 72788 | Depths:4 | Killed Sojobo
 73057 | Depths:4 | Reached skill level 27 in Unarmed Combat
 73413 | Depths:4 | Got a smoking wooden ring
 73415 | Depths:4 | Identified the ring "Iczik" {Ice rElec rPois Int+3} (You found it on level 4 of the Depths)
 73593 | Depths:5 | Entered Level 5 of the Depths
 73907 | Depths:5 | Received a gift from Trog
 74293 | Depths:5 | Found a gate to the Realm of Zot.
 74431 | Depths:5 | Received a gift from Trog
 75420 | Depths:5 | Received a gift from Trog
 75786 | Depths:5 | Reached XP level 24. HP: 213/223 MP: 31/31
 76153 | Vaults:5 | Entered Level 5 of the Vaults
 76172 | Vaults:5 | Reached skill level 15 in Armour
 76183 | Vaults:5 | Received a gift from Trog
 76614 | Vaults:5 | Received a gift from Trog
 77418 | Vaults:5 | Reached skill level 15 in Shields
 77715 | Vaults:5 | Got a silver rune of Zot
 77859 | Vaults:5 | Received a gift from Trog
 78013 | Vaults:5 | Got a slimy pewter ring
 78015 | Vaults:5 | Identified the cursed ring "Eli Feiphua" {Str-2 Int+6 Dex-5 Stlth+} (You took it off a fire giant on level 5 of the Vaults)
 79114 | Snake:2  | Bought the ring "Totyotar" {rElec rPois MP+9 Int+2} for 636 gold pieces
 79944 | Zot:1    | Entered Level 1 of the Realm of Zot
 80617 | Zot:1    | Received a gift from Trog
 80935 | Zot:1    | Reached skill level 10 in Dodging
 80935 | Zot:1    | Reached XP level 25. HP: 158/234 MP: 31/31
 81787 | Zot:2    | Received a gift from Trog
 82044 | Zot:2    | Noticed an orb of fire
 82060 | Zot:2    | Killed an orb of fire
 82478 | Zot:2    | Received a gift from Trog
 84139 | Zot:3    | Noticed Tiamat
 84231 | Zot:2    | Killed Tiamat
 84296 | Zot:2    | Received a gift from Trog
 84581 | Zot:3    | Reached XP level 26. HP: 248/250 MP: 31/31
 85636 | Zot:4    | Received a gift from Trog
 86526 | Zot:4    | Received a gift from Trog
 86921 | Zot:5    | Entered Level 5 of the Realm of Zot
 87063 | Zot:4    | Received a gift from Trog
 87674 | Zot:5    | Noticed an ancient lich
 87686 | Zot:5    | Killed an ancient lich
 87993 | Zot:5    | Received a gift from Trog
 88034 | Zot:5    | Noticed an ancient lich
 88114 | Zot:5    | Noticed an orb of fire
 88145 | Zot:5    | Gained mutation: You occasionally shout uncontrollably at your foes. [an orb of fire]
 88432 | Zot:5    | Killed an orb of fire
 88748 | Zot:5    | Killed an ancient lich
 88748 | Zot:5    | Reached XP level 27. HP: 266/266 MP: 31/31
 88754 | Zot:5    | Noticed an orb of fire
 88767 | Zot:5    | Killed an orb of fire
 88849 | Zot:5    | Noticed an ancient lich
 89043 | Zot:4    | Killed an ancient lich
 89133 | Zot:5    | Noticed an ancient lich
 89147 | Zot:5    | Killed an ancient lich
 89237 | Zot:5    | Noticed an orb of fire
 89250 | Zot:5    | Noticed an orb of fire
 89449 | Zot:5    | Killed an orb of fire
 89449 | Zot:5    | Reached skill level 15 in Fighting
 89694 | Zot:5    | Killed an orb of fire
 89947 | Zot:5    | Noticed an orb of fire
 89973 | Zot:5    | Killed an orb of fire
 89973 | Zot:5    | Reached skill level 15 in Throwing
 91851 | Depths:2 | Killed Mara
 93490 | Zot:5    | Got the Orb of Zot
 93748 | Depths:1 | Noticed Ampay the pandemonium lord
 93771 | Depths:1 | Killed Ampay the pandemonium lord
 93996 | D:5      | Noticed Zathre the pandemonium lord
 94126 | D:$      | Escaped with the Orb!

Action                   |  1- 3 |  4- 6 |  7- 9 | 10-12 | 13-15 | 16-18 | 19-21 | 22-24 | 25-27 || total
-------------------------+-------+-------+-------+-------+-------+-------+-------+-------+-------++-------
Melee: Unarmed           |   119 |   120 |   491 |   678 |  2126 |  1696 |  1675 |  1284 |  1423 ||  9612
Throw: Stone             |       |     7 |    50 |   100 |       |       |       |       |       ||   157
       Large rock        |       |       |       |     1 |    72 |   331 |   409 |   532 |   322 ||  1667
Invok: Berserk           |       |     3 |     3 |    10 |     8 |     2 |       |     1 |       ||    27
       Burn Spellbooks   |       |       |     2 |     1 |     6 |     1 |     4 |     9 |     2 ||    25
       Brothers in Arms  |       |       |       |     4 |     8 |    20 |    15 |    13 |     2 ||    62
       Trog's Hand       |       |       |       |     1 |       |       |       |       |     2 ||     3
Evoke: Wand              |       |       |       |       |       |    14 |     3 |     6 |    31 ||    54
  Use: Scroll            |     4 |     4 |     7 |     7 |    15 |    13 |    14 |    31 |    14 ||   109
       Potion            |       |       |     4 |       |       |     4 |     6 |     5 |     8 ||    27
 Stab: Sleeping          |     1 |       |     4 |       |       |     1 |       |       |       ||     6
       Distracted        |       |       |       |       |     2 |     1 |       |       |     1 ||     4
       Confused          |       |       |       |       |       |       |       |       |     1 ||     1
  Eat: Chunk             |    18 |    13 |    56 |    94 |   176 |   132 |   140 |   126 |   119 ||   874
       Fruit             |       |       |       |     2 |       |       |       |       |     2 ||     4
       Meat ration       |       |       |       |       |       |     5 |       |       |     2 ||     7
       Pizza             |       |       |       |       |       |     1 |       |       |       ||     1
       Bread ration      |       |       |       |       |       |       |       |       |     5 ||     5
